 Dungeon Crawl Stone Soup version 0.23-a0-701-gd76f34b (console) character file.

198 bli the Chopper (level 6, -7/49 HPs)
             Began as a Formicid Abyssal Knight on Jan 12, 2019.
             Was a Believer of Lugonu.
             Mangled by Sigmund
             ... wielding a +0 scythe
              (9 damage)
             ... on level 4 of the Dungeon.
             The game lasted 00:09:50 (3408 turns).

bli the Chopper (Formicid Abyssal Knight)           Turns: 3408, Time: 00:09:51

Health: -7/49      AC:  3    Str: 17    XL:     6   Next: 6%
Magic:  7/7        EV: 11    Int: 12    God:    Lugonu [**....]
Gold:   324        SH:  0    Dex: 11    Spells: 5/5 levels left

rFire    + . .     SeeInvis +   a - +1 hand axe
rCold    + . .     Gourm    .   (no shield)
rNeg     . . .     Faith    .   b - +0 leather armour
rPois    .         Spirit   .   (helmet unavailable)
rElec    .         Reflect  .   l - scarf {rC+ rF+}
rCorr    .         Harm     .   (no gloves)
MR       .....                  (no boots)
Stlth    +.........             x - amulet of the acrobat
HPRegen  0.16/turn              E - ring of wizardry
MPRegen  0.10/turn              (no ring)

@: no status effects
A: permanent stasis, dig shafts and tunnels, four strong arms, antennae 3
a: Dig, Shaft Self, Depart the Abyss, Bend Space, Renounce Religion


You were on level 4 of the Dungeon.
You worshipped Lugonu.
Lugonu was pleased with you.
You were not hungry.

You visited 1 branch of the dungeon, and saw 4 of its levels.
You visited the Abyss 1 time.

You collected 324 gold pieces.

Inventory:

Hand Weapons
 a - a +1 hand axe (weapon)
 p - a +1 dagger of venom
 r - a +0 spear
 y - a +0 blowgun
 A - a +1 short sword of draining
Missiles
 f - 234 stones (quivered)
 i - 29 poisoned needles
Armour
 b - a +0 leather armour (worn)
 l - a scarf of resistance (worn)
 t - a +0 ring mail
Jewellery
 x - an amulet of the acrobat (around neck)
 E - a ring of wizardry (left hand)
Wands
 B - a wand of acid (11)
Scrolls
 e - 5 scrolls of identify {unknown}
 g - 4 scrolls of teleportation {unknown}
 j - 2 scrolls of fog {unknown}
 m - 2 scrolls of remove curse {unknown}
 n - a scroll of fear {unknown}
 q - a scroll of immolation {unknown}
 w - 2 scrolls of blinking {unknown}
 C - a scroll of enchant weapon {unknown}
Potions
 d - 2 potions of haste {unknown}
 h - a potion of lignification {unknown}
 k - a potion of degeneration {unknown}
 s - 2 potions of berserk rage {unknown}
 u - a potion of flight {unknown}
 v - a potion of heal wounds {unknown}
 D - a potion of invisibility {unknown}
Comestibles
 c - 4 rations
 z - 5 chunks of flesh


   Skills:
 + Level 4.5 Fighting
 * Level 4.8 Axes
 + Level 2.4 Armour
 - Level 1.0 Dodging
 + Level 2.3 Invocations


You had 5 spell levels left.
You didn't know any spells.
Your spell library was empty.

Dungeon Overview and Level Annotations

Branches:
Dungeon (4/15)
 Temple: D:4-7

Altars:

Shops:
D:4 !?%

Annotations:
D:4 Sigmund


Innate Abilities, Weirdness & Mutations

You cannot be hasted, slowed, berserked, paralysed or teleported.
You can dig through walls and to a lower floor.
Your four strong arms can wield two-handed weapons with a shield.
You have a pair of large antennae on your head. (SInv)


Message History

You miss the hound. You barely miss the orc priest. The hound bites you.
Sigmund hits you from afar with a +0 scythe.
The hound bites you.
* * * LOW HITPOINT WARNING * * *
The orc priest hits you with a +0 flail.
* * * LOW HITPOINT WARNING * * *
You feel better. The hound closely misses you.
You closely miss the orc priest. You hit the hound but do no damage.
The hound misses you.
The orc priest hits you with a +0 flail.
Sigmund hits you from afar with a +0 scythe!
* * * LOW HITPOINT WARNING * * *
The hound misses you.
The orc wizard mumbles some strange words.
The orc wizard seems to speed up.
You hear a shout!
You closely miss the orc priest. You hit the hound but do no damage.
The hound bites you but does no damage.
The orc priest hits you with a +0 flail.
* * * LOW HITPOINT WARNING * * *
Sigmund hits you from afar with a +0 scythe!
You die...

.....#### #..#.....#
#.......# #..#....
.#..#...# #...#.. !.
..#.....# #....## ...
........# #.....###...
...#...####.)...#..#..
#..#..#..##....#....#
.#.#^#.......##.....#.
..###.................
########.......######.##
###............@.......
...............hooo....
................@......
.................(.....
...######.#.##.........
... #.#.##......... ..
#...########.## #.. .#
... # .##


You could see Sigmund (invisible), a hound, an orc priest and 2 orc wizards.

Vanquished Creatures
  A bullfrog skeleton (D:4)
  A hound (D:4)
  Terence (D:3)
  An adder (D:2)
  An ooze (D:2)
  2 dart slugs (D:2)
  5 leopard geckos
  3 ball pythons
  2 giant cockroaches (D:3)
  13 goblins
  7 hobgoblins
  10 jackals
  10 kobolds
  4 quokkas
  11 bats
  6 frilled lizards
  9 rats
87 creatures vanquished.

Notes
Turn   | Place    | Note
-------+----------+-------------------------------------------
     0 | Abyss:1  | bli the Formicid Abyssal Knight began the quest for the
                  | Orb.
     0 | Abyss:1  | Reached XP level 1. HP: 18/18 MP: 2/2
    58 | Abyss:1  | Found a corrupted altar of Lugonu.
    85 | Abyss:1  | Noticed a quasit
   136 | Abyss:2  | Noticed a wraith
   153 | D:1      | Escaped the Abyss
   247 | D:1      | Reached XP level 2. HP: 21/24 MP: 3/3
   250 | D:1      | Reached * piety under Lugonu
   756 | D:1      | Reached XP level 3. HP: 27/30 MP: 4/4
  1378 | D:2      | Reached XP level 4. HP: 18/37 MP: 5/5
  1580 | D:2      | Reached skill level 1 in Dodging
  1864 | D:2      | Reached ** piety under Lugonu
  2434 | D:3      | Noticed Terence
  2453 | D:3      | Killed Terence
  2453 | D:3      | Reached XP level 5. HP: 25/43 MP: 6/6
  3075 | D:4      | Found Uquener's Magic Scroll Emporium.
  3177 | D:4      | Found Zitec's Food Emporium.
  3294 | D:4      | Found Dises's Distillery.
  3338 | D:4      | Reached XP level 6. HP: 22/49 MP: 7/7
  3398 | D:4      | Noticed Sigmund
  3408 | D:4      | HP: 2/49 [orc priest/+0 flail (6)]
  3408 | D:4      | Mangled by Sigmund

Vault maps used:
D:1:      dpeg_arrival_houses_and_road
D:2:      minmay_alternating_diamond
D:3:      nrook_mini_vaults, kennysheep_generic_room_16, uniq_terence
D:4:      portal_sewer_entry_c, serial_shops, shop, shop_coins, kennysheep_mini,
          shop, minmay_misc_feat_chi, minmay_parallelograms,
          hangedman_decor_diamond_cutter, uniq_sigmund, uniq_edmund
Abyss:2:  serial_sigils_hangedman_gut

Skill      XL: |  1  2  3  4 |
---------------+-------------+-----
Fighting       | 4 |  4.5
Axes           | 3 4 |  4.8
Dodging        | 1 |  1.0
Armour         | |  2.4
Invocations    | |  2.3

Action                   |  1- 3 |  4- 6 || total
-------------------------+-------+-------++-------
Melee: Hand axe          |    89 |   175 ||   264
Throw: Stone             |       |     1 ||     1
Invok: Depart the Abyss  |     1 |       ||     1
 Abil: Dig               |       |     2 ||     2
  Use: Potion            |       |     1 ||     1
 Stab: Sleeping          |     1 |     1 ||     2
  Eat: Chunk             |     1 |     7 ||     8
Armor: Leather armour    |    43 |    48 ||    91
Dodge: Dodged            |    73 |   125 ||   198

Table legend:
 A = Non-vault XP
 B = Vault XP
 C = Vault XP percentage of total XP
 D = Non-vault monster count
 E = Vault monster count
 F = Vault count percentage of total count
                 A         B        C        D         E       F
            +---------+---------+-------+---------+---------+-------
      Total |     235 |      49 |  17.3 |      80 |       7 |   8.0
            +---------+---------+-------+---------+---------+-------
        D:1 |      45 |       0 |   0.0 |      25 |       0 |   0.0
        D:2 |      65 |       8 |  11.0 |      25 |       4 |  13.8
        D:3 |      24 |      41 |  63.1 |      17 |       3 |  15.0
        D:4 |     101 |       0 |   0.0 |      13 |       0 |   0.0
            +---------+---------+-------+---------+---------+-------
